 Dungeon Crawl Stone Soup version 0.30-a0-996-ga6910c8ee8 (webtiles) character file.

Game seed: 6100107664452430993

190 ThatPearl the Chopper (level 5, -2/47 HPs)
             Began as a Hill Orc Monk on Apr 5, 2023.
             Slain by a lemure (6 damage)
             ... led by Pikel
             ... on level 4 of the Dungeon.
             The game lasted 00:06:13 (2853 turns).

ThatPearl the Chopper (Hill Orc Monk)               Turns: 2853, Time: 00:06:14

Health: -2/47      AC:  6    Str: 16    XL:     5   Next: 69%
Magic:  5/5        EV: 10    Int: 10    God:
Gold:   58         SH:  0    Dex: 13    Spells: 4/4 levels left

rFire   . . .      SeeInvis .    a - +0 hand axe
rCold   . . .      Faith    .    (no shield)
rNeg    . . .      Spirit   .    k - +0 scale mail
rPois   .          Reflect  .    (no helmet)
rElec   .          Rampage  .    (no cloak)
rCorr   .                        (no gloves)
Will    .....                    (no boots)
Stlth   +                        (no amulet)
HPRegen 0.27/turn                (no ring)
MPRegen 0.09/turn                (no ring)

@: hasted, studying Short Blades, very quick
A: no striking features
a: no special abilities


You were on level 4 of the Dungeon.
You visited 1 branch of the dungeon, and saw 4 of its levels.

You collected 136 gold pieces.
You spent 78 gold pieces at shops.

Inventory:

Hand Weapons
 a - a +0 hand axe (weapon)
Missiles
 g - 43 stones (quivered)
Armour
 k - a +0 scale mail (worn)
Jewellery
 p - a ring of poison resistance
Scrolls
 d - 3 scrolls of poison {unknown}
 h - 3 scrolls of identify {unknown}
 i - a scroll of butterflies {unknown}
 l - a scroll of torment {unknown}
 n - a scroll of vulnerability {unknown}
 o - a scroll of teleportation {unknown}
Potions
 b - a potion of haste
 c - a potion of ambrosia
 e - a potion of brilliance {unknown}
 f - a potion of curing {unknown}
 j - 4 potions of resistance {unknown}
 m - 2 potions of berserk rage {unknown}


   Skills:
 + Level 4.8 Fighting
 + Level 5.3 Axes
 + Level 3.3 Dodging
 + Level 2.8 Stealth


You had 4 spell levels left.
You didn't know any spells.
Your spell library contained the following spells:

 Spells                   Type           Power      Damage    Failure   Level
 Beastly Appendage        Tmut           0%         N/A       82%         1
 Necrotise                Necr           0%         1d4       82%         1
 Cigotuvi's Dreadful Rot  Necr/Pois/Air  0%         N/A       91%         2
 Poisonous Vapours        Pois/Air       0%         N/A       91%         2
 Wereblood                Tmut           0%         N/A       91%         2
 Mephitic Cloud           Conj/Pois/Air  0%         N/A       99%         3
 Spider Form              Tmut/Pois      0%         N/A       99%         3
 Vampiric Draining        Necr           0%         2d6       99%         3
 Agony                    Necr           0%         N/A       100%        5


Dungeon Overview and Level Annotations

Branches:
Dungeon (4/15)
 Temple: D:4-7

Altars:
Ru

Shops:
D:3 *

Annotations:
D:4 Pikel


Message History

You closely miss the lemure.
The lemure is lightly wounded.
You closely miss the lemure.
The lemure is lightly wounded.
The lemure hits you.
You slash the lemure!
The lemure is moderately wounded.
You closely miss the lemure. You hit the lemure but do no damage.
The lemure is moderately wounded.
You hit the lemure. The lemure hits you.
The lemure hits you but does no damage.
Unknown command.
You hit the lemure.
The lemure is heavily wounded.
You hit the lemure but do no damage. The lemure barely misses you.
You hit the lemure.
The lemure is heavily wounded.
You closely miss the lemure.
Unknown command.
You closely miss the lemure.
The lemure is heavily wounded.
You barely miss the lemure. The lemure hits you but does no damage.
The lemure hits you.
Unknown command.
You miss something. You barely miss the lemure. You hit the lemure.
The lemure hits you. Something hits you but does no damage.
The lemure completely misses you.
Unknown command.
You closely miss something.
You hit the lemure. x2; The lemure hits you.
The lemure closely misses you. Something hits you! Something burns you.
You barely miss something. You hit the lemure. You barely miss the lemure.
Unknown command.
You hit something but do no damage. You barely miss the lemure.
You hit the lemure but do no damage. The lemure hits you. Something hits you!
* * * LOW HITPOINT WARNING * * *
Something burns you.
* * * LOW HITPOINT WARNING * * *
The lemure hits you.
You die...

###########
.........
....... .....
... . #### #.#
+#.. ##...###.##
...#
#.>...)..5#5...+
#........@{5...#
#####'###5#....#
#.......#+#
##... #.......#
. #.......#
########.......#
........########
........#
........#


You could see 4 lemures.

Vanquished Creatures
  Natasha (twice) (D:2)
  Ijyb (D:3)
  2 adders (D:2)
  4 gnolls
  4 dart slugs
  A worm (D:2)
  An orc (D:4)
  4 ball pythons
  4 endoplasms
  2 giant cockroaches (D:1)
  3 goblins
  3 hobgoblins
  2 jackals (D:1)
  4 quokkas
  4 bats
  2 frilled lizards (D:1)
  5 kobolds
  7 rats
55 creatures vanquished.

Notes
Turn   | Place    | Note
-------+----------+-------------------------------------------
     0 | D:1      | ThatPearl the Hill Orc Monk began the quest for the Orb.
     0 | D:1      | Reached XP level 1. HP: 19/19 MP: 1/1
   167 | D:1      | Reached XP level 2. HP: 24/27 MP: 2/2
   651 | D:1      | Reached XP level 3. HP: 28/33 MP: 3/3
   827 | D:2      | Noticed Natasha
   835 | D:2      | Killed Natasha
   992 | D:2      | Reached XP level 4. HP: 22/40 MP: 4/4
  1409 | D:2      | Found a faded altar of an unknown god.
  1539 | D:2      | Reached skill level 5 in Axes
  1686 | D:2      | Reached XP level 5. HP: 23/47 MP: 5/5
  1802 | D:2      | Noticed Natasha
  1811 | D:2      | Killed Natasha
  2044 | D:3      | Found Toatz's Assorted Antiques.
  2047 | D:3      | Bought a scroll labelled RAVVUO TIWKIU for 26 gold pieces
  2047 | D:3      | Bought a scroll labelled OLOETESSOAQUQ for 26 gold pieces
  2047 | D:3      | Bought a scroll labelled ITAFIU HADIKO for 26 gold pieces
  2048 | D:3      | Noticed Ijyb
  2085 | D:3      | Killed Ijyb
  2453 | D:3      | Found a sacrificial altar of Ru.
  2839 | D:4      | Noticed Pikel
  2839 | D:4      | Noticed a lemure
  2839 | D:4      | Noticed a lemure
  2839 | D:4      | Noticed a lemure
  2840 | D:4      | Noticed a lemure
  2853 | D:4      | Slain by a lemure

Illustrated notes

Levels and vault maps discovered:
D:1:      tarquinn_simple_flora_water_b, layout_loops_cross
D:2:      layout_basic, hellmonk_ecumenical_altar_inner_sanctum,
          serial_aquarium, aquarium_bridge_square [aquarium_subvault_window,
          aquarium_subvault_bridge, aquarium_subvault_balcony,
          aquarium_subvault_wall], aquarium_window_1,
          aquarium_window_corridor_2, aquarium_window_1, aquarium_window_1,
          aquarium_view_2a, aquarium_view_2d, grunt_decor_arrowhead,
          minivault_25, grunt_decor_one_mirror, uniq_natasha
D:3:      layout_basic, mainiacjoe_overflow_six_doors_small, serial_shops,
          nicolae_shop_behind_doors, chequers_arboretum, palyth_stone_intersect,
          nicolae_figureground_sparkle, uniq_ijyb
D:4:      kennysheep_big_flooded_room, layout_gridville, temple_green,
          serial_shops, nicolae_shop_stone,
          nicolae_shop_temple_entry_statues_fountains, gup_sewer_entry_glass,
          uniq_pikel

Skill      XL: |  1  2  3  4 |
---------------+-------------+-----
Fighting       | 4 |  4.8
Stealth        | 2 |  2.8
Dodging        | 3 |  3.3
Axes           | 5 |  5.3

Action                     |  1- 3 |  4- 6 || total
---------------------------+-------+-------++-------
  Melee: Hand axe          |    77 |   128 ||   205
         Punch             |     1 |       ||     1
    Use: Potion            |       |     1 ||     1
   Stab: Sleeping          |     2 |     1 ||     3
 Armour: Ring mail         |    29 |     6 ||    35
         Robe              |     5 |       ||     5
         Scale mail        |       |    29 ||    29
  Dodge: Dodged            |    57 |    65 ||   122

Table legend: (Time is in decaauts)
 A = Elapsed time spent in this place.
 B = Non-inter-level travel time spent in this place.
 C = Inter-level travel time spent in this place.
 D = Time resting spent in this place.
 E = Time spent auto-exploring this place.
 F = Levels seen in this place.
 G = Mean time per level.
                   A        B        C        D        E       F      G
               +--------+--------+--------+--------+--------+-----+--------+
         Total |   2860 |   2737 |    123 |    194 |   1970 |   4 |  715.0 |
       Dungeon |   2860 |   2737 |    123 |    194 |   1970 |   4 |  715.0 |
               +--------+--------+--------+--------+--------+-----+--------+

Top non-repeatable levels by time:
     D:2: 1087 daAuts
     D:1: 867 daAuts
     D:3: 848 daAuts
     D:4: 57 daAuts
